 Dungeon Crawl Stone Soup version 0.31-a0-771-g505c3d19dc (webtiles) character file.

Game seed: 16349173022840811268

11032 Skeral the Grappler (level 11, -18/115 HPs)
             Began as a Troll Shapeshifter on Sept 16, 2023.
             Was a High Priest of Okawaru.
             Demolished by a swamp worm (20 damage)
             ... in a Gauntlet.
             The game lasted 00:23:39 (8487 turns).

Skeral the Grappler (Troll Shapeshifter)            Turns: 8487, Time: 00:23:39

Health: -18/115    AC: 10    Str: 24    XL:     11   Next: 44%
Magic:  8/10       EV: 11    Int:  6    God:    Okawaru [*****.]
Gold:   446        SH:  0    Dex: 13    Spells: 10/10 levels left

rFire   . .          .
                       - Unarmed
rCold   . . .        (no shield)
rNeg    . . .        i - +1 acid dragon scales
rPois   .            (helmet currently unavailable)
rElec   .            (cloak currently unavailable)
rCorr   +            (gloves unavailable)
SInv    .            (boots unavailable)
Will    +....        (no amulet)
Stlth   ++           p - ring of willpower
HPRegen 1.19/turn    Y - +4 ring of slaying
MPRegen 0.12/turn

%: no teleportation
@: beast-form, heroic
A: beast (slay +4), large, unfitting armour, claws 3, regeneration 1, shaggy fur
1, tough skin 1
a: Begin Untransformation, Renounce Religion, Heroism, Finesse, Duel


You were in a Gauntlet.
You worshipped Okawaru.
Okawaru was extremely pleased with you.
You were a hulking beast.
You visited 2 branches of the dungeon, and saw 12 of its levels.
You also visited: Gauntlet.

You collected 708 gold pieces.
You spent 262 gold pieces at shops.


Innate Abilities, Weirdness & Mutations

You are a hulking beast.
Your limbs bulge with bestial killing power. (Slay +4)
You are too large for most types of armour.
You have claws for hands.
Your natural rate of healing is unusually fast.
You are covered in fur. (AC +1)
You have tough skin. (AC +1)


   Skills:
 + Level 9.1(14.1) Fighting
 - Level 3.0(8.0) Throwing
 - Level 1.5(6.5) Dodging
 + Level 11.3(16.3) Unarmed Combat
 * Level 9.2 Shapeshifting


You had 10 spell levels left.
You didn't know any spells.
Your spell library contained the following spells:

 Spells                   Type           Power      Damage    Failure   Level
 Ensorcelled Hibernation  Hex/Ice        0%         N/A       67%         2
 Jinxbite                 Hex            0%         N/A       67%         2
 Anguish                  Hex/Necr       0%         N/A       99%         4

Inventory:

Missiles
 a - 13 boomerangs
 n - 10 poisoned darts (quivered)
 q - 4 javelins
 y - 2 throwing nets {=f!f}
 E - a curare-tipped dart {=f}
Armour
 g - a +0 hat
   (You found it on level 1 of the Dungeon)
 i - +1 acid dragon scales (worn)
   (You found it on level 9 of the Dungeon)
 K - the +12 tower shield of Ituverpho {Fly}
   (Okawaru gifted it to you on level 11 of the Dungeon)

   Fly:       It grants you flight.
Jewellery
 p - a ring of willpower (left claw)
   (You found it on level 3 of the Dungeon)
 v - a ring of willpower
   (You found it on level 9 of the Dungeon)
 C - a ring of ice
   (You found it on level 3 of the Dungeon)
 R - a ring of resist corrosion
   (You took it off a wight on level 7 of the Dungeon)
 Y - a +4 ring of slaying (right claw)
   (You found it on level 6 of the Dungeon)
Talismans
 c - a beast talisman (active)
 d - a flux talisman
 x - a blade talisman
   (You found it on level 6 of the Dungeon)
Wands
 t - a wand of polymorph (10)
   (You found it on level 3 of the Dungeon)
 u - a wand of flame (31)
   (You found it on level 3 of the Dungeon)
 z - a wand of digging (5)
   (You found it on level 6 of the Dungeon)
 D - a wand of roots (14)
   (You took it off a wight on level 7 of the Dungeon)
 J - a wand of paralysis (5)
   (You found it on level 10 of the Dungeon)
Scrolls
 b - a scroll of fear {unknown}
 e - 2 scrolls of revelation
 h - 3 scrolls of poison {!r}
 j - 4 scrolls of teleportation {@r4}
 o - a scroll of fog
 s - 2 scrolls of enchant weapon
 H - a scroll of blinking {!r}
 I - a scroll of brand weapon {unknown}
Potions
 f - a potion of haste {@q3}
 k - 2 potions of heal wounds {@q2}
 l - a potion of might
 m - 6 potions of curing {@q1}
 r - a potion of ambrosia
 w - a potion of lignification {!q}
 A - 2 potions of degeneration {unknown}
 B - 2 potions of attraction {!q}
 F - 2 potions of brilliance {unknown}
 G - a potion of cancellation

Dungeon Overview and Level Annotations

Branches:
Dungeon (11/15) Zot: 26795  Temple (1/1) D:6 Zot: 5987    Lair (0/5) D:9
Gauntlet (1/1) Zot: 5357
    Orc: D:9-12

Altars:
Ashenzari
Cheibriados
Dithmenos
Elyvilon
Fedhas
Gozag
Hepliaklqana
Kikubaaqudgha
Makhleb
Nemelex Xobeh
Okawaru
Qazlal
Ru
Sif Muna
Trog
Uskayaw
Vehumet
Wu Jian
Xom
Yredelemnul
Zin
The Shining One

Shops:
D:1 [   D:8 (   D:10 *

Portals:
Trove: D:10 (give +6 demon blade)

Annotations:
D:4 1 runed translucent door, soul19's ghost, amateur GnIE
D:11 Josephine Gauntlet 15 transporters, 21 runed translucent doors, exclusion: obsidian statue

###...................©....
#8#..###########.##########
###..#.........#.#YYY#.#...
#....#...P.....#.#wY#...#..
###....#!.#...#..#.#.##...##.
#8#..###.........#.##..#.#..#
###..#©#©...©....#.#....©..Y.
#..#.#[..w.P.P.#.##..#.#.†# ###
###..#.#..#Phw#..#.#.#######. #8#
#8#..#.#.....w...#.#..#...#..
#######..#.#.........#.#..).©....
.........#.######################
.........#.#≈≈8≈≈#©.........©....
##########.######################
..........©...........©#§§≈≈8≈≈≈§
#################################
.WW#.#......#.3#.#..+.©.+..#.#WWW


You could see 3 swamp worms.


Message History

You regained 2 hp, and now have 87/115 hp. 😕 HP[+1] 😕 HP[+1] 😕 HP[+1] 😕 HP[+1]
There is a transporter here. 😕 HP[+2]
You regained 2 hp, and now have 93/115 hp.
You see here a scroll labelled TOTTOH XUUCH. 😕 HP[+1]
You see here the +10 mace of the Imperium {heavy, rF+}. 😕 HP[+1]
You see here a scroll labelled TOTTOH XUUCH. 😕 HP[+1]
You claw the yak! The yak gores you! 😮 HP[-11]
You take 11 damage, and now have 85/115 hp.
You closely miss the yak. The yak barely misses you. 😮 HP[+1]
You mangle the yak!! The yak gores you. 😮 HP[-1]
You take 1 damage, and now have 85/115 hp.
You claw the yak!
You kill the yak!
Okawaru accepts your kill. 😮 HP[+1]
b - a scroll labelled TOTTOH XUUCH 😕 HP[+1]
L - the +10 mace of the Imperium {heavy, rF+} 😕 HP[+2]
You regained 2 hp, and now have 89/115 hp.
You drop the +10 mace of the Imperium {heavy, rF+}. 😕 HP[+2]
You regained 2 hp, and now have 91/115 hp. 😕 HP[+1]
There is a transporter, spattered with blood here. 😕 HP[+1]
You enter the transporter and appear at another place. 😕 HP[+1] 😕 HP[+1] 😕 HP[+1] 😕 HP[+2]
You regained 2 hp, and now have 98/115 hp. 😕 HP[+1] 😕 HP[+1] 😕 HP[+1] 😕 HP[+1] 😕 HP[+2]
You regained 2 hp, and now have 104/115 hp.
The neqoxec shouts! 😕 HP[+1]
There is a transporter here. 😕 HP[+1]
You enter the transporter and appear at another place. 😕 HP[+1] 😕 HP[+1]
You barely miss the swamp worm. The swamp worm bites you!
The swamp worm bites you but does no damage. 😕 HP[-15]
You take 15 damage, and now have 93/115 hp.
You scratch the swamp worm. The swamp worm bites you.
The swamp worm fires a harpoon shot at you.
The harpoon shot hits you.
You are yanked forward by the harpoon shot. 😕 HP[-6]
You take 6 damage, and now have 87/115 hp.
You scratch the swamp worm but do no damage.
The swamp worm bites you. The swamp worm barely misses you.
The swamp worm bites you but does no damage. 😮 HP[-2]
You take 2 damage, and now have 85/115 hp.
You closely miss the swamp worm. The swamp worm closely misses you.
The swamp worm misses you. The swamp worm bites you! 😮 HP[-15]
You take 15 damage, and now have 70/115 hp.
You barely miss the swamp worm. The swamp worm bites you!
The swamp worm completely misses you.
The swamp worm bites you but does no damage. 😮 HP[-9]
You take 9 damage, and now have 61/115 hp.
You claw the swamp worm! The swamp worm bites you!
* * * LOW HITPOINT WARNING * * *
The swamp worm bites you.
* * * LOW HITPOINT WARNING * * *
The swamp worm bites you!
* * * LOW HITPOINT WARNING * * *
😨 HP[-21]
You take 21 damage, and now have 40/115 hp.
You gain the combat prowess of a mighty hero.
The swamp worm bites you but does no damage.
The swamp worm misses you. The swamp worm bites you!!
* * * LOW HITPOINT WARNING * * *
😱 HP[-20] MP[-2]
You take 20 damage, and now have 20/115 hp.
You lost 2 mp, and now have 8/10 mp.
You claw the swamp worm! The swamp worm bites you!!
* * * LOW HITPOINT WARNING * * *
The swamp worm bites you but does no damage.
The swamp worm bites you!!
You die...

Skill      XL: |  1  2  3  4  5  6  7  8  9 10 11 |
---------------+----------------------------------+-----
Fighting       | 1 2 3 4 5 7 8 9 |  9.1
Unarmed Combat | 4 5 6 7 8 9 10 11 | 11.3
Throwing       | 3 |  3.0
Shapeshifting  | 5 8 9 |  9.2
Dodging        | |  1.5

Action                     |  1- 3 |  4- 6 |  7- 9 | 10-12 || total
---------------------------+-------+-------+-------+-------++-------
  Melee: Unarmed           |    92 |   103 |   233 |   209 ||   637
         Punch             |     2 |     4 |    15 |    13 ||    34
  Throw: Dart              |       |       |    18 |    13 ||    31
 Invoke: Heroism           |       |       |       |     1 ||     1
    Use: Potion            |       |       |     3 |       ||     3
         Scroll            |       |       |     1 |    14 ||    15
   Stab: Sleeping          |     1 |       |     1 |       ||     2
         Distracted        |       |       |     1 |       ||     1
 Armour: Animal skin       |    59 |    87 |   122 |       ||   268
         Skin              |       |       |    43 |       ||    43
         Steam dragon scal |       |       |    61 |    97 ||   158
         Acid dragon scale |       |       |       |    81 ||    81
  Dodge: Dodged            |    50 |    34 |   103 |   101 ||   288

Levels and vault maps discovered:
D:1:      lordsloth_arrival_two_stooges, layout_loops_corners, serial_shops,
          shop, minmay_misc_feat_plants
D:2:      layout_loops_ring, basic_ecumenical_altar
D:3:      layout_basic, mainiacjoe_overflow_concentric_impassable,
          mainiacjoe_overflow_alcove_1
D:4:      layout_loops_ring, gammafunk_ghost_grave, kennysheep_donut,
          amcnicky_mini_rare_corridor_liquid
D:5:      layout_basic, dk_xom_monty_hall, amcnicky_mini_pool_medium,
          uniq_duvessa, uniq_eustachio, uniq_prince_ribbit1
D:6:      layout_basic, minmay_temple_entry_water_ring, uniq_blork_the_orc,
          uniq_maggie
D:7:      layout_gridville, uniq_pikel
D:8:      layout_rooms, nicolae_wooded_promenade
D:9:      layout_roguey, amethyst_overflow_temple_binary, lair_entry_dummy
D:10:     layout_cave_pods, lemuel_crystal_altar, serial_shops, shop,
          enter_trove_0
D:11:     layout_loops_ring, gammafunk_ghost_necromancy, gauntlet_entry_generic,
          uniq_josephine
Temple:   kb_temple_of_zot
Gauntlet: gammafunk_gauntlet_one_two_three [gammafunk_gauntlet_arena_chambers,
          gammafunk_gauntlet_arena_hedges,
          gammafunk_gauntlet_arena_split_diamond,
          nicolae_gauntlet_arena_flowing_pool, nicolae_gauntlet_swirl,
          minmay_gauntlet_arena_make_your_own_arena,
          gammafunk_gauntlet_arena_grid, nicolae_gauntlet_arena_quarters,
          gammafunk_gauntlet_arena_crates, dreamdust_gauntlet_exit_labyrinth]

Notes
Turn   | Place    | Note
-------+----------+-------------------------------------------
     0 | D:1      | Skeral the Troll Shapeshifter began the quest for the Orb.
     0 | D:1      | Reached XP level 1. HP: 18/18 MP: 0/0
     0 | D:1      | magus.rc [v1.10.3]
    97 | D:1      | Reached skill level 1 in Fighting
   124 | D:1      | Reached XP level 2. HP: 27/27 MP: 1/1
   429 | D:1      | Found Sul Ival's Antique Armour Shop.
   550 | D:1      | Reached XP level 3. HP: 35/35 MP: 2/2
  1112 | D:2      | Reached skill level 2 in Fighting
  1146 | D:2      | Identified the +9 dagger of the Aged Continents {freeze,
                  | rN+}
  1151 | D:2      | Found a faded altar of an unknown god.
  1609 | D:3      | Found a bloodstained altar of Trog.
  1621 | D:3      | Reached skill level 4 in Unarmed Combat
  1621 | D:3      | Reached XP level 4. HP: 44/44 MP: 3/3
  2014 | D:3      | Found a sparkling altar of Nemelex Xobeh.
  2217 | D:4      | Noticed a phantom
  2231 | D:4      | Killed a phantom
  2232 | D:4      | Reached skill level 3 in Fighting
  2232 | D:4      | Reached XP level 5. HP: 40/53 MP: 4/4
  2306 | D:4      | Reached skill level 5 in Unarmed Combat
  2416 | D:4      | Found a runed translucent door.
  2417 | D:4      | Noticed soul19's ghost (amateur GnIE)
  2621 | D:4      | Reached XP level 6. HP: 58/61 MP: 5/5
  2948 | D:5      | Entered Level 5 of the Dungeon
  2948 | D:5      | Noticed Eustachio
  2960 | D:5      | Killed Eustachio
  2961 | D:5      | Reached skill level 4 in Fighting
  3083 | D:5      | Reached skill level 6 in Unarmed Combat
  3083 | D:5      | Reached XP level 7. HP: 67/71 MP: 6/6
  3146 | D:5      | Reached skill level 5 in Fighting
  3195 | D:5      | HP: 15/72 [ice beast (12)]
  3200 | D:5      | HP: 21/108 [poisoned by an adder]
  3213 | D:5      | Reached skill level 7 in Unarmed Combat
  3261 | D:5      | Reached XP level 8. HP: 70/81 MP: 7/7
  3273 | D:5      | Noticed Prince Ribbit
  3303 | D:5      | Killed Prince Ribbit
  3436 | D:5      | Noticed Dowan
  3436 | D:5      | Noticed Duvessa
  3450 | D:5      | Reached skill level 6 in Fighting
  3460 | D:5      | Killed Duvessa
  3461 | D:5      | Reached skill level 8 in Unarmed Combat
  3461 | D:5      | Killed Dowan
  3737 | D:5      | Found a shimmering altar of Xom.
  3961 | D:6      | Noticed Blork the orc
  3971 | D:6      | Killed Blork the orc
  3972 | D:6      | Reached skill level 7 in Fighting
  3972 | D:6      | Reached XP level 9. HP: 82/93 MP: 8/8
  3994 | D:6      | HP: 18/93 [gnoll/+0 flail[a gnoll bouda] (8)]
  4003 | D:6      | HP: 20/93 [gnoll/+0 flail[a gnoll bouda] (4)]
  4010 | D:5      | HP: 11/93 [gnoll/+0 flail[a gnoll bouda] (3)]
  4164 | D:6      | Reached skill level 9 in Unarmed Combat
  4221 | D:6      | Found a staircase to the Ecumenical Temple.
  4229 | Temple   | Entered the Ecumenical Temple
  4235 | Temple   | Became a worshipper of Warmaster Okawaru
  4329 | D:6      | Reached skill level 1 in Throwing
  4682 | D:6      | Noticed Maggie
  4691 | D:6      | Killed Maggie
  4802 | D:7      | You pick up a book of Dreams and begin reading...
  4802 | D:7      | You add the spells Jinxbite, Ensorcelled Hibernation and
                  | Anguish to your library.
  4809 | D:7      | Noticed Pikel
  4812 | D:7      | Reached skill level 2 in Throwing
  4859 | D:7      | Reached * piety under Okawaru
  4874 | D:7      | Reached skill level 4 in Shapeshifting
  4921 | D:7      | Identified the +8 long sword "Qanlaxey" {drain, Fragile
                  | rElec Will++ Int+2}
  5001 | D:7      | Killed Pikel
  5002 | D:7      | Reached skill level 3 in Throwing
  5002 | D:7      | Reached skill level 5 in Shapeshifting
  5060 | D:7      | Reached ** piety under Okawaru
  5160 | D:7      | Reached XP level 10. HP: 93/102 MP: 9/9
  5642 | D:8      | Reached skill level 10 in Unarmed Combat
  5642 | D:8      | Reached skill level 6 in Shapeshifting
  5645 | D:8      | Reached skill level 8 in Fighting
  5684 | D:8      | Found Zoacwun's Antique Weapon Shoppe.
  5783 | D:8      | Noticed a two-headed ogre
  5792 | D:8      | Killed a two-headed ogre
  5990 | D:9      | Reached *** piety under Okawaru
  6012 | D:9      | Found a staircase to the Lair.
  6017 | D:9      | Reached skill level 7 in Shapeshifting
  6469 | D:9      | Noticed a two-headed ogre
  6472 | D:9      | Killed a two-headed ogre
  6475 | D:9      | Reached **** piety under Okawaru
  6503 | D:9      | Found a shadowy altar of Dithmenos.
  6513 | D:9      | Found a burning altar of Makhleb.
  6804 | D:10     | Entered Level 10 of the Dungeon
  6817 | D:10     | Reached skill level 8 in Shapeshifting
  6913 | D:10     | Noticed a two-headed ogre
  6927 | D:10     | Killed a two-headed ogre
  6928 | D:10     | Reached XP level 11. HP: 39/113 MP: 10/10
  7014 | D:10     | Found a portal to a secret trove of treasure.
  7082 | D:10     | Reached ***** piety under Okawaru
  7111 | D:10     | Found Wiynolel's General Store.
  7118 | D:10     | Bought a potion of cancellation for 120 gold pieces
  7118 | D:10     | Bought a scroll of blinking for 112 gold pieces
  7118 | D:10     | Bought a scroll of identify for 30 gold pieces
  7460 | D:10     | Found a sacrificial altar of Ru.
  7635 | D:11     | Reached skill level 11 in Unarmed Combat
  7645 | D:11     | Noticed Josephine
  7705 | D:11     | Found a gate leading to a gauntlet.
  7784 | D:11     | Reached skill level 9 in Fighting
  7786 | D:11     | Identified the +12 tower shield of Ituverpho {Fly} (Okawaru
                  | gifted it to you on level 11 of the Dungeon)
  7786 | D:11     | Received a gift from Okawaru
  7841 | Gauntlet | Entered a Gauntlet
  7841 | Gauntlet | Found a transporter.
  7850 | Gauntlet | Found a transporter.
  7865 | Gauntlet | Found a transporter.
  7882 | Gauntlet | Found a transporter.
  7888 | Gauntlet | Noticed a thrashing horror
  7897 | Gauntlet | Noticed a thrashing horror
  7899 | Gauntlet | Found a transporter.
  7916 | Gauntlet | Found a transporter.
  7916 | Gauntlet | Noticed an obsidian statue
  7928 | Gauntlet | Found a transporter.
  7936 | Gauntlet | Found a large runed translucent door.
  7937 | Gauntlet | Found a large runed translucent door.
  7938 | Gauntlet | Found a large runed translucent door.
  7938 | Gauntlet | Found a large runed translucent door.
  7939 | Gauntlet | Found a runed translucent gate.
  7940 | Gauntlet | Found a transporter.
  7940 | Gauntlet | Found a runed translucent gate.
  7940 | Gauntlet | Noticed an entropy weaver
  7941 | Gauntlet | Found a runed translucent gate.
  7942 | Gauntlet | Found a large runed translucent door.
  7942 | Gauntlet | Found a large runed translucent door.
  7943 | Gauntlet | Found a large runed translucent door.
  7944 | Gauntlet | Found a large runed translucent door.
  7951 | Gauntlet | Noticed a wretched star
  7952 | Gauntlet | Found a transporter.
  7963 | Gauntlet | Found a large runed translucent door.
  7963 | Gauntlet | Found a large runed translucent door.
  7963 | Gauntlet | Found a runed translucent door.
  7963 | Gauntlet | Found a runed translucent door.
  7964 | Gauntlet | Found a large runed translucent door.
  7965 | Gauntlet | Found a large runed translucent door.
  7967 | Gauntlet | Found a transporter.
  7967 | Gauntlet | Found a transporter.
  7969 | Gauntlet | Found a transporter.
  7992 | Gauntlet | Found a transporter.
  7998 | Gauntlet | Found a transporter.
  8041 | Gauntlet | Found a transporter.
  8094 | Gauntlet | Found a transporter.
  8096 | Gauntlet | Found a transporter.
  8192 | Gauntlet | Found a large runed translucent door.
  8192 | Gauntlet | Found a large runed translucent door.
  8193 | Gauntlet | Found a large runed translucent door.
  8194 | Gauntlet | Found a large runed translucent door.
  8404 | Gauntlet | Found a transporter.
  8436 | Gauntlet | Reached skill level 9 in Shapeshifting
  8455 | Gauntlet | Identified the +10 mace of the Imperium {heavy, rF+}
  8486 | Gauntlet | HP: 20/115 [swamp worm (21)]
  8487 | Gauntlet | HP: 2/115 [swamp worm (19)]
  8487 | Gauntlet | Demolished by a swamp worm

Vanquished Creatures
  3 two-headed ogres
  Pikel (D:7)
  A torpor snail (Gauntlet)
  Maggie (D:6)
  Prince Ribbit (D:5)
  2 trolls
  A hornet (D:9)
  A shadow (D:10)
  13 yaks
  Eustachio (D:5)
  A steam dragon (D:8)
  2 acid dragons
  A water moccasin (D:9)
  2 sky beasts
  3 ice beasts
  An orc warrior (D:10)
  Duvessa (D:5)
  A black bear (D:6)
  4 ogres
  5 centaurs
  2 lemures (D:7)
  2 phantoms
  2 kobold brigands
  Blork the orc (D:6)
  2 bullfrogs
  3 scorpions
  14 wights
  Dowan (D:5)
  13 killer bees
  A howler monkey (D:7)
  5 gnoll boudas
  4 hounds
  6 jellies
  3 orc priests
  A sleepcap (D:6)
  2 iguanas
  8 orc wizards
  23 gnolls
  6 adders
  2 shadow imps
  A white imp (D:4)
  3 dart slugs
  27 orcs
  4 endoplasms
  A giant cockroach (D:1)
  8 hobgoblins
  20 kobolds
  5 quokkas
  6 ball pythons
  8 bats
  5 frilled lizards
  11 goblins
  5 rats
251 creatures vanquished.

Table legend:
 A = Non-vault XP
 B = Vault XP
 C = Vault XP percentage of total XP
 D = Non-vault monster count
 E = Vault monster count
 F = Vault count percentage of total count
                 A         B        C        D         E       F
            +---------+---------+-------+---------+---------+-------
      Total |   11890 |    3871 |  24.6 |     228 |      21 |   8.4
            +---------+---------+-------+---------+---------+-------
        D:1 |      48 |       0 |   0.0 |      28 |       0 |   0.0
        D:2 |      18 |       0 |   0.0 |       9 |       0 |   0.0
        D:3 |      70 |       0 |   0.0 |      18 |       0 |   0.0
        D:4 |     369 |       0 |   0.0 |      22 |       0 |   0.0
        D:5 |    1179 |     986 |  45.5 |      35 |      11 |  23.9
        D:6 |     627 |     467 |  42.7 |      12 |       2 |  14.3
        D:7 |    1590 |     706 |  30.7 |      34 |       1 |   2.9
        D:8 |    1853 |       0 |   0.0 |      26 |       0 |   0.0
        D:9 |    2601 |       0 |   0.0 |      15 |       0 |   0.0
       D:10 |    2176 |       0 |   0.0 |      14 |       0 |   0.0
       D:11 |    1359 |       0 |   0.0 |      15 |       0 |   0.0
   Gauntlet |       0 |    1712 | 100.0 |       0 |       7 | 100.0
            +---------+---------+-------+---------+---------+-------

Skill      XL: |  1  2  3  4  5  6  7  8  9 10 11 |
---------------+----------------------------------+-----
Fighting       | 1 2 3 4 5 7 8 9 |  9.1
Unarmed Combat | 4 5 6 7 8 9 10 11 | 11.3
Throwing       | 3 |  3.0
Shapeshifting  | 5 8 9 |  9.2
Dodging        | |  1.5

Action                     |  1- 3 |  4- 6 |  7- 9 | 10-12 || total
---------------------------+-------+-------+-------+-------++-------
  Melee: Unarmed           |    92 |   103 |   233 |   209 ||   637
         Punch             |     2 |     4 |    15 |    13 ||    34
  Throw: Dart              |       |       |    18 |    13 ||    31
 Invoke: Heroism           |       |       |       |     1 ||     1
    Use: Potion            |       |       |     3 |       ||     3
         Scroll            |       |       |     1 |    14 ||    15
   Stab: Sleeping          |     1 |       |     1 |       ||     2
         Distracted        |       |       |     1 |       ||     1
 Armour: Animal skin       |    59 |    87 |   122 |       ||   268
         Skin              |       |       |    43 |       ||    43
         Steam dragon scal |       |       |    61 |    97 ||   158
         Acid dragon scale |       |       |       |    81 ||    81
  Dodge: Dodged            |    50 |    34 |   103 |   101 ||   288

Illustrated notes

Table legend:
 A = Kills in this place as a percentage of kills in the entire game.
 B = Kills by you in this place as a percentage of kills by you in the entire game.
 C = Kills by friends in this place as a percentage of kills by friends in the entire game.
 D = Other kills in this place as a percentage of other kills in the entire game.
 E = Experience gained in this place as a percentage of experience gained in the entire game.
 F = Experience gained in this place divided by the number of levels of this place that you have seen.
                   A       B       C       D       E      F
               +-------+-------+-------+-------+-------+----------------------
         Total | 100.0 | 100.0 |   N/A |   N/A | 100.0 | 1212.4
       Dungeon |  97.2 |  97.2 |   N/A |   N/A |  89.1 | 1277.2
      Gauntlet |   2.8 |   2.8 |   N/A |   N/A |  10.9 | 1712.0
               +-------+-------+-------+-------+-------+----------------------

Table legend: (Time is in decaauts)
 A = Elapsed time spent in this place.
 B = Non-inter-level travel time spent in this place.
 C = Inter-level travel time spent in this place.
 D = Time resting spent in this place.
 E = Time spent auto-exploring this place.
 F = Levels seen in this place.
 G = Mean time per level.
                   A        B        C        D        E       F      G
               +--------+--------+--------+--------+--------+-----+--------+
         Total |   8401 |   8005 |    396 |    363 |   4883 |  13 |  646.2 |
       Dungeon |   7747 |   7351 |    396 |    361 |   4639 |  11 |  704.3 |
        Temple |     12 |     12 |      0 |      0 |      0 |   1 |   12.0 |
      Gauntlet |    641 |    641 |      0 |      2 |    244 |   1 |  641.0 |
               +--------+--------+--------+--------+--------+-----+--------+

Top non-repeatable levels by time:
     D:5: 986 daAuts
    D:10: 872 daAuts
     D:1: 859 daAuts
     D:4: 858 daAuts
     D:9: 826 daAuts
     D:6: 754 daAuts
     D:3: 663 daAuts
     D:2: 644 daAuts
Gauntlet: 641 daAuts
     D:7: 630 daAuts
     D:8: 501 daAuts
    D:11: 148 daAuts
  Temple: 12 daAuts
